 Dungeon Crawl Stone Soup version 0.27-a0-909-g0721f309d1 (webtiles) character file.

Game seed: 4300014022987622321

86 DarkShadow the Shield-Bearer (level 4, -3/40 HPs)
             Began as a Minotaur Fighter on Apr 8, 2021.
             Slain by a gnoll
             ... wielding a +3 spear
              (9 damage)
             ... on level 3 of the Dungeon.
             The game lasted 00:02:52 (1789 turns).

DarkShadow the Shield-Bearer (Minotaur Fighter)     Turns: 1789, Time: 00:02:52

Health: -3/40      AC:  7    Str: 20    XL:     4   Next: 26%
Magic:  3/3        EV:  7    Int:  5    God:
Gold:   96         SH:  9    Dex: 11    Spells: 3/3 levels left

rFire    . . .     SeeInvis .   a - +0 war axe
rCold    . . .     Faith    .   c - +0 kite shield
rNeg     . . .     Spirit   .   b - +0 scale mail
rPois    .         Reflect  .   (helmet restricted)
rElec    .         Harm     .   (no cloak)
rCorr    .         Rampage  .   (no gloves)
Will     .....                  (no boots)
Stlth    ..........             (no amulet)
HPRegen  0.13/turn              (no ring)
MPRegen  0.08/turn              (no ring)

@: no status effects
A: horns 2, retaliatory headbutt
a: no special abilities


You were on level 3 of the Dungeon.
You visited 1 branch of the dungeon, and saw 3 of its levels.

You collected 96 gold pieces.

Inventory:

Hand Weapons
 a - a +0 war axe (weapon)
Armour
 b - a +0 scale mail (worn)
 c - a +0 kite shield (worn)
Scrolls
 e - 2 scrolls of teleportation {unknown}
 f - a scroll of amnesia {unknown}
 g - a scroll of fear {unknown}
 h - a scroll of holy word {unknown}
Potions
 d - a potion of might


   Skills:
 + Level 4.2 Fighting
 + Level 3.5 Axes
 + Level 4.3 Armour
 + Level 0.3 Dodging
 + Level 4.4 Shields


You had 3 spell levels left.
You didn't know any spells.
Your spell library was empty.

Dungeon Overview and Level Annotations

Branches:
Dungeon (3/15)

Altars:


Innate Abilities, Weirdness & Mutations

You have a pair of horns on your head.
You reflexively headbutt those who attack you in melee.


Message History

The gnoll barely misses you. You block the goblin's attack.
The gnoll closely misses you. You block the gnoll's attack.
You hit the goblin.
The goblin is severely wounded.
The goblin hits you but does no damage. You block the gnoll's attack. x2
You closely miss the goblin. You headbutt the goblin.
You kill the goblin!
The gnoll closely misses you. The gnoll hits you but does no damage.
You block the gnoll's attack.
The gnoll hits you from afar with a +3 spear.
The gnoll closely misses you.
You hit the gnoll but do no damage. You block the gnoll's attack.
The gnoll hits you from afar with a +0 spear.
The gnoll hits you with a +0 whip.
You barely miss the gnoll. You headbutt the gnoll.
The gnoll is moderately wounded.
The gnoll hits you from afar with a +3 spear.
You block the gnoll's attack. The gnoll barely misses you.
You furiously retaliate!
You headbutt the gnoll. You block the gnoll's attack.
The gnoll hits you but does no damage. The gnoll hits you with a +0 whip.
You completely miss the gnoll.
The gnoll is moderately wounded.
The gnoll barely misses you.
The gnoll hits you from afar with a +0 spear.
You block the gnoll's attack.
You hit the gnoll.
The gnoll is almost dead.
You block the gnoll's attack.
The gnoll hits you from afar with a +0 spear.
* * * LOW HITPOINT WARNING * * *
The gnoll hits you but does no damage.
The gnoll hits you from afar with a +3 spear.
* * * LOW HITPOINT WARNING * * *
The gnoll hits you from afar with a +0 spear.
* * * LOW HITPOINT WARNING * * *
The gnoll hits you but does no damage.
You slash the gnoll!
You kill the gnoll!
The gnoll hits you from afar with a +3 spear!
You die...

≈......<.#. #.#
≈..#######. #.#
. #.. ... (. ##.
#. #.# ... ##
#.###.# .... ##
##.#...## .....
##.
#.......##g.....
####..
#.......@)......
+.....
#.....#.##g.....
####..
#..#..#.##..>...
##.
#..........#....
## #####.######
... #.# #+# #.#
#.# #.########.#
#.#......#.##
######


You could see 2 gnolls.

Vanquished Creatures
  2 gnolls (D:3)
  An adder (D:2)
  2 endoplasms
  A giant cockroach (D:1)
  7 goblins
  6 hobgoblins
  14 jackals
  6 quokkas
  A ball python (D:1)
  A bat (D:1)
  4 frilled lizards
  10 kobolds
  5 rats
60 creatures vanquished.

Notes
Turn   | Place    | Note
-------+----------+-------------------------------------------
     0 | D:1      | DarkShadow the Minotaur Fighter began the quest for the
                  | Orb.
     0 | D:1      | Reached XP level 1. HP: 19/19 MP: 0/0
   259 | D:1      | Reached XP level 2. HP: 27/27 MP: 1/1
   632 | D:1      | Reached XP level 3. HP: 28/33 MP: 2/2
  1590 | D:2      | Reached XP level 4. HP: 40/40 MP: 3/3
  1789 | D:3      | Slain by a gnoll

Illustrated notes

Levels and vault maps discovered:
D:1:      heliophobic_arrival_henge, layout_rooms, grunt_decor_mini_mirrors,
          amcnicky_mini_corridor_feature
D:2:      layout_rooms
D:3:      layout_loops_corners, serial_park_tiny_pond

Skill      XL: |  1  2  3 |
---------------+----------+-----
Armour         | 4 |  4.3
Shields        | 4 |  4.4
Fighting       | 4 |  4.2
Axes           | 3 |  3.5
Dodging        | |  0.3

Action                   |  1- 3 |  4- 6 || total
-------------------------+-------+-------++-------
Melee: War axe           |   115 |    11 ||   126
       Headbutt          |    19 |     2 ||    21
Armor: Scale mail        |    60 |     9 ||    69
Dodge: Dodged            |    42 |     9 ||    51
Block: Kite shield       |    85 |    12 ||    97

Table legend: (Time is in decaauts)
 A = Elapsed time spent in this place.
 B = Non-inter-level travel time spent in this place.
 C = Inter-level travel time spent in this place.
 D = Time resting spent in this place.
 E = Time spent auto-exploring this place.
 F = Levels seen in this place.
 G = Mean time per level.
                   A        B        C        D        E       F      G
               +--------+--------+--------+--------+--------+-----+--------+
         Total |   1860 |   1833 |     27 |    208 |   1063 |   3 |  620.0 |
       Dungeon |   1860 |   1833 |     27 |    208 |   1063 |   3 |  620.0 |
               +--------+--------+--------+--------+--------+-----+--------+

Top non-repeatable levels by time:
     D:1: 1072 daAuts
     D:2: 658 daAuts
     D:3: 130 daAuts
